 Dungeon Crawl Stone Soup version 0.27-a0-1196-g3e9cee4cb2 (webtiles) character file.

Game seed: 16053415840634445625

25 Kold the Sneak (level 2, -6/24 HPs)
             Began as a Demonspawn Delver on May 27, 2021.
             Was an Initiate of Makhleb.
             Mangled by a worm (9 damage)
             ... on level 4 of the Dungeon.
             The game lasted 00:02:17 (1167 turns).

Kold the Sneak (Demonspawn Delver)                  Turns: 1167, Time: 00:02:17

Health: -6/24      AC:  3    Str:  9 (12) XL:     2   Next: 82%
Magic:  3/3        EV: 16    Int:  8 (11) God:    Makhleb [......]
Gold:   0          SH:  0    Dex: 11 (14) Spells: 1/1 levels left

rFire    . . .     SeeInvis .   a - +0 hand axe
rCold    . . .     Faith    .   (no shield)
rNeg     . . .     Spirit   .   b - +0 leather armour
rPois    .         Reflect  .   (no helmet)
rElec    .         Harm     .   (no cloak)
rCorr    .         Rampage  .   (no gloves)
Will     .....                  (no boots)
Stlth    ++........             (no amulet)
HPRegen  0.08/turn              (no ring)
MPRegen  0.08/turn              (no ring)

@: agile, hasted, very quick
A: powered by pain 1
a: Renounce Religion


You were on level 4 of the Dungeon.
You worshipped Makhleb.
Makhleb was noncommittal.
You visited 2 branches of the dungeon, and saw 4 of its levels.

Inventory:

Hand Weapons
 a - a +0 hand axe (weapon)
Armour
 b - a +0 leather armour (worn)
Wands
 g - a wand of digging (2)
Scrolls
 c - a scroll of fog
 d - a scroll of magic mapping


   Skills:
 - Level 3.0 Fighting
 - Level 2.0 Axes
 - Level 2.0 Dodging
 + Level 4.8 Stealth
 + Level 1.7 Invocations


You had one spell level left.
You didn't know any spells.
Your spell library was empty.

Dungeon Overview and Level Annotations

Branches:
Dungeon (5/15)             Temple (1/1) D:5

Altars:
Ashenzari
Cheibriados
Dithmenos
Elyvilon
Fedhas
Hepliaklqana
Kikubaaqudgha
Makhleb
Okawaru
Ru
Uskayaw
Wu Jian
Xom
Yredelemnul
The Shining One


Innate Abilities, Weirdness & Mutations

You sometimes gain a little power by taking damage.


Message History

You barely miss the worm. You hit the worm.
The worm is moderately wounded.
The worm bites you!
* * * LOW HITPOINT WARNING * * *
You focus on the pain.
You feel agile all of a sudden.
You feel yourself speed up.
It was a potion of degeneration.
There was something very wrong with that liquid.
You feel weakened.
You feel dopey.
You feel clumsy. The worm misses you.
You hit the worm but do no damage.
The worm is moderately wounded.
You hit the worm but do no damage.
The worm is moderately wounded.
You hit the worm.
The worm is moderately wounded.
The worm barely misses you.
You hit the worm.
The worm is moderately wounded.
You hit the worm.
The worm is heavily wounded.
The worm closely misses you.
You hit the worm but do no damage.
The worm is heavily wounded.
You hit the worm.
The worm is severely wounded.
The worm barely misses you.
You barely miss the worm.
The worm is severely wounded.
You hit the worm.
The worm is almost dead.
The worm closely misses you.
You hit the worm.
The worm is almost dead.
You barely miss the worm.
The worm is almost dead.
The worm bites you!
You die...

.... ...## ...
...........##...###... .
..........##.....#....
..##........##..........
#............#..........
#.......................
.##.............).......
..............w.........
### #####...##..@.........
#8###8#..#.####<..........
...8...8##.<###...)......[
.......)##)..##...........
........_#..##...........#
........##...#.......##...
...8...8##.#.....#........
#8###8#####...#..#........
### #######..##..........


You could see a worm.

Vanquished Creatures
  A hound skeleton (D:4)
  A dart slug (D:4)
  3 orcs (D:4)
  3 goblins (D:4)
8 creatures vanquished.

Notes
Turn   | Place    | Note
-------+----------+-------------------------------------------
     0 | D:5      | Kold the Demonspawn Delver began the quest for the Orb.
     0 | D:5      | Reached XP level 1. HP: 18/18 MP: 1/1
    19 | D:5      | Noticed an iguana
    31 | D:5      | Found a staircase to the Ecumenical Temple.
    41 | Temple   | Entered the Ecumenical Temple
   311 | Temple   | Became a worshipper of Makhleb the Destroyer
   348 | D:5      | Noticed an ice beast
   486 | D:4      | Found an ornate altar of the Wu Jian Council.
   511 | D:3      | Noticed an orc wizard
   782 | D:4      | Reached skill level 1 in Invocations
   782 | D:4      | Gained mutation: You sometimes gain a little power by
                  | taking damage. [demonic ancestry]
   782 | D:4      | Reached XP level 2. HP: 8/24 MP: 2/2
  1167 | D:4      | Mangled by a worm

Illustrated notes

Levels and vault maps discovered:
D:3:      layout_rooms, uniq_sigmund
D:4:      layout_cave_pools, nicolae_overflow_hidden_temple,
          minmay_stone_trees_small
D:5:      corexii_shack_village, layout_loops_ring,
          nemelex_diamond_rough_becter, minmay_temple_entry_arrows
Temple:   minmay_temple_curvy_branch

Skill      XL: |  1 |
---------------+----+-----
Axes           | 2 |  2.0
Dodging        | 2 |  2.0
Invocations    | 1 |  1.7
Fighting       | |  3.0
Stealth        | |  4.8

Action                   || total
-------------------------++-------
Melee: Hand axe          ||    54
Evoke: Wand              ||     1
  Use: Scroll            ||     1
       Potion            ||     2
 Stab: Distracted        ||     1
Armor: Leather armour    ||     7
Dodge: Dodged            ||    35

Table legend: (Time is in decaauts)
 A = Elapsed time spent in this place.
 B = Non-inter-level travel time spent in this place.
 C = Inter-level travel time spent in this place.
 D = Time resting spent in this place.
 E = Time spent auto-exploring this place.
 F = Levels seen in this place.
 G = Mean time per level.
                   A        B        C        D        E       F      G
               +--------+--------+--------+--------+--------+-----+--------+
         Total |   1177 |   1133 |     44 |    656 |    275 |   4 |  294.2 |
       Dungeon |    884 |    884 |      0 |    656 |     28 |   3 |  294.7 |
        Temple |    292 |    248 |     44 |      0 |    247 |   1 |  292.0 |
               +--------+--------+--------+--------+--------+-----+--------+

Top non-repeatable levels by time:
     D:4: 796 daAuts
  Temple: 292 daAuts
     D:5: 64 daAuts
     D:3: 23 daAuts
